[Event "German-ch Blitz Women 2022"]
[Site "Magdeburg"]
[Date "2022.08.13"]
[Round "10.8"]
[White "Kunze, Kerstin"]
[Black "Schuster, Rebekka"]
[Result "0-1"]
[ECO "C11"]
[WhiteElo "2020"]
[BlackElo "1815"]
[Annotator "TA"]
[PlyCount "113"]
[EventDate "2022.08.10"]
[EventType "tourn"]
[EventCountry "GER"]
[SourceTitle "playchess.com"]
[Source "ChessBase"]
[SourceQuality "1"]
[TimeControl "180+2"]

1. e4 e6 2. d4 d5 3. Nc3 Nf6 4. exd5 exd5 5. Bd3 Bd6 6. Nge2 c6 7. Bg5 O-O 8. Qd2 {[%emt 0:00:08] C01: French: Exchange Variation.} Bg4 9. f3 Bh5 10. O-O-O {[%emt 0:00:02] White is slightly better.} Nbd7 11. Ng3 Bg6 12. Nf5 {[%emt 0:00:09] [#]} Bc7 $146 ({Predecessor:} 12... Bxf5 13. Bxf5 Qc7 14. Kb1 Rfe8 15. g4 Re7 16. Bxd7 Qxd7 17. Bxf6 gxf6 18. Ne2 Qc7 19. Ng3 Bf4 20. Qd3 Rae8 21. Nh5 Re6 22. Qf5 Bxh2 23. f4 {1-0 (23) Sarenac,D (2374)-Nikolic,Z (2026) Belgrade 2017}) 13. h4 h6 14. Bxh6 gxh6 15. Qxh6 (15. Nxh6+ $15 Kh7 16. Nf5) 15... Bxf5 $2 (15... Nh5 $19 16. Ne2 Qf6) 16. Bxf5 $11 Re8 17. h5 Qe7 18. Qg5+ Kh8 19. Rde1 {[%emt 0:00:17] Inhibits Qe3+.} (19. Qh6+ $11 Kg8 20. Qg5+ Kh8 21. Qh6+ Kg8) 19... Qf8 $1 $15 ({Much weaker is} 19... Qxe1+ 20. Rxe1 Rxe1+ 21. Kd2 $11) 20. h6 {[%emt 0:00:30] Inhibits Qg7.} ({White should try} 20. g4 $15) 20... Qg8 $17 21. Qh4 (21. Qxg8+ $17 Kxg8 22. Kd1) 21... Bg3 $2 (21... Rxe1+ 22. Qxe1 Qg5+ 23. Kb1 Qxf5) 22. Rxe8 $19 Rxe8 {[%emt 0:00:02] Really sharp!} 23. Qh3 Qg5+ 24. Kb1 Nf8 25. Nd1 $2 (25. Bd3 {keeps fighting.}) 25... N8h7 26. Rf1 Qh4 27. Qxh4 Bxh4 28. a3 Bg5 29. Nf2 Be3 30. Nh3 Bxh6 31. Rh1 Bg7 $2 (31... Nh5 $19 {White must now prevent ...Ng3.} 32. Rh2 Kg7) 32. Ng5 $1 $11 Kg8 33. Bxh7+ (33. Nxh7 $14 {was forced to keep a grip.} Nxh7 34. Bxh7+ Kf8 35. c3) 33... Nxh7 $17 34. Nxh7 $14 {[%emt 0:00:01][%mdl 4096] Endgame KRB-KRN} ({Don't blunder} 34. Rxh7 $2 f6 35. Rh5 fxg5 36. Rxg5 Kf7 $19) 34... Re3 (34... Bxd4 $17 35. c3 Bg7) 35. Rf1 $2 Kxh7 $19 {[%emt 0:00:02] KRB-KR} 36. f4 Kg6 37. c3 f6 38. Rf2 Re4 39. Kc2 Bh6 40. f5+ Kg5 41. Re2 Rf4 (41... Rxe2+ $142 42. Kb3 Rxg2 43. c4 Kxf5 44. cxd5 cxd5 45. a4 Ke4 46. Kc3 Be3 47. Kb4 Rxb2+ 48. Ka3 Bxd4 49. a5 Kd3 50. Ka4 Bc5 51. a6 bxa6 52. Ka5 Ra2#) 42. Re7 Rxf5 {[%emt 0:00:02] Threatens to win with ...Rf2+.} 43. Rxb7 Rf2+ 44. Kd3 Kf5 45. b4 {[%emt 0:00:01] [#]} (45. c4 $19 Rxg2 46. cxd5 cxd5 47. Rxa7) 45... Rf3+ $4 46. Kc2 $4 (46. gxf3 $18 {was the only winning move.} a6 47. Rb6) 46... Rf2+ $2 (46... Rg3 $19 47. Rc7 Rxg2+ 48. Kb3 Bc1 49. Rxc6 Rb2+ 50. Ka4 Bd2) 47. Kb3 $2 (47. Kd3 $1 $11 {and White stays safe.} Rd2#) 47... Ke4 48. Rxa7 f5 49. Rh7 Bd2 50. Re7+ Kd3 51. a4 f4 {[%emt 0:00:01] [#] ( -> ...Bc1)} 52. a5 f3 53. Rf7 Rf1 54. a6 Ra1 $2 (54... fxg2 {mates} 55. Rg7 g1=Q 56. Rxg1 Rxg1 57. Ka4 Bxc3 58. a7 Ra1+ 59. Kb3 Rxa7 60. b5 Ra1 61. b6 Rb1+ 62. Ka3 Kc4 63. Ka4 Ra1#) 55. Rxf3+ $17 Ke2 {[%emt 0:00:01] Black is more active.} (55... Be3 $5 56. b5 cxb5 $15) 56. Rf6 Bh6 $2 57. Rxh6 {[%mdl 32768] What a bad dream for Black.  Weighted Error Value: White=1.00/Black=0.59. Loss on time!?} 0-1

[Event "German-ch Blitz Women 2022"]
[Site "Magdeburg"]
[Date "2022.08.13"]
[Round "10.10"]
[White "Wulf, Constanze"]
[Black "Heil, Marina"]
[Result "1-0"]
[ECO "A04"]
[WhiteElo "1835"]
[BlackElo "1926"]
[Annotator "TA"]
[PlyCount "97"]
[EventDate "2022.08.10"]
[EventType "tourn"]
[EventCountry "GER"]
[SourceTitle "playchess.com"]
[Source "ChessBase"]
[SourceQuality "1"]
[TimeControl "180+2"]

1. Nf3 f5 2. b3 Nf6 3. Bb2 d6 4. d4 e6 5. e3 Be7 6. c4 {[%emt 0:00:03] A80: Dutch Defence: Unusual White second moves.} O-O 7. Nc3 a6 8. Bd3 {[%emt 0:00:07] White is slightly better.} Qe8 9. O-O {[%emt 0:00:06] [#]} Qh5 $146 ({Predecessor:} 9... Nc6 10. a3 e5 {½-½ (10) Blaga,M (2031)-Pavic,J (2125) Croatia 2016}) 10. Qe2 (10. e4 $16) 10... Nc6 $14 11. Rad1 e5 (11... Bd7 $14) 12. dxe5 $1 $16 dxe5 {[%emt 0:00:01] [#]} 13. Ne1 ({Better is} 13. Nxe5 $1 $16 Nxe5 14. Nd5) 13... Qh6 ({Much less strong is} 13... Ng4 14. h3 e4 15. hxg4 $16) 14. Nd5 $1 Bd8 (14... Bd6 $11 15. c5 Bxc5) 15. Bb1 $14 Ne4 (15... Re8 $14) 16. Nf3 (16. Nd3 $18) 16... Qe6 17. Nd2 Ng5 18. Nf3 (18. Rde1 $16) 18... Nf7 (18... Ne4 $1 $11) 19. e4 {[%emt 0:00:09] 0x0.001450102443dp-1022s more active pieces. The black rooks are badly placed.} f4 20. Rd2 Ne7 (20... Qh6 $11) 21. Rfd1 (21. Nxe5 {keeps more tension.} Nxe5 22. Nxf4 Rxf4 23. Rxd8+ Rf8 24. Rxf8+ Kxf8 25. f4) 21... Ng6 22. Ne1 (22. c5 $14) 22... c6 $11 23. Nc3 Bb6 24. Na4 Bc7 (24... Ba5 $11) 25. Nc5 (25. c5 $14) 25... Qf6 (25... Qe7 $11 26. Ncd3 Ng5) 26. Nd7 $14 Bxd7 27. Rxd7 Rac8 (27... Rfc8 $1 $14) 28. Nf3 (28. c5 $16) 28... Rfd8 29. Rxd8+ Rxd8 30. Rxd8+ Qxd8 31. Qd3 ({White should try} 31. b4 $16) 31... Qe7 32. Bc2 ({White should play} 32. a3 $14) 32... Nd6 (32... a5 $11 {remains equal.}) 33. c5 Nb5 34. b4 {[%emt 0:00:01] And now Bb3+ would win.} h6 (34... Kf8 $16 35. Bb3 Ke8) 35. h3 Nf8 $2 (35... Nd4 $16 36. Bxd4 (36. Nxd4 exd4 37. Qxd4 Be5 $16) 36... exd4 37. Bb3+ (37. Nxd4 Ne5 $18) (37. Qxd4 Ne5 $16) 37... Kh8 38. Nxd4 Qd8) 36. Bb3+ $18 {[%emt 0:00:01] A strong pair of Bishops.} Kh7 37. a4 Na7 38. Kf1 $2 (38. Qc4 {White wants to mate with Qg8+.} Kg6 39. g3) 38... Nc8 $2 (38... Nd7 39. Qc4 Nf6) 39. Qc4 Qf6 40. Qg8+ Kg6 {[%emt 0:00:01] [#]} 41. h4 (41. Bxe5 $142 $1 Bxe5 {[#]} 42. Bf7+ $1 Qxf7 43. Nxe5+ Kf6 44. Nxf7) 41... Ne7 42. h5+ Kxh5 43. Qf7+ $2 (43. Bf7+ Nfg6 44. Qe8) 43... Qxf7 44. Bxf7+ Nfg6 45. Nxe5 f3 $2 (45... Bxe5 46. Bxe5 Kg5 47. Bxg7 Nh4) 46. Nd3 $2 (46. Nxf3 a5 47. bxa5) 46... b5 $2 (46... fxg2+ 47. Kxg2 Kg5 48. Bxg7 Nf4+ 49. Nxf4 Bxf4) 47. axb5 axb5 48. e5 $2 (48. gxf3 $18 Kg5 49. Be8) 48... Kg4 (48... fxg2+ $11 {and Black is okay.} 49. Kxg2 Kg5) 49. g3 $2 {[%emt 0:00:01][%mdl 32768] Weighted Error Value: White=0.91/Black=0.75. Loss on time!?} (49. Be6+ $18 Kh4 50. gxf3) 1-0

[Event "German-ch Blitz Women 2022"]
[Site "Magdeburg"]
[Date "2022.08.13"]
[Round "10.11"]
[White "Stangl, Anita"]
[Black "Leveikina, Jevgenija"]
[Result "0-1"]
[ECO "B12"]
[WhiteElo "2023"]
[BlackElo "2061"]
[Annotator "NA RC"]
[PlyCount "110"]
[EventDate "2022.08.10"]
[EventType "tourn"]
[EventCountry "GER"]
[SourceTitle "playchess.com"]
[Source "ChessBase"]
[SourceQuality "1"]
[TimeControl "180+2"]

1. e4 c6 2. d4 d5 3. e5 Bf5 4. g4 Bd7 5. h3 e6 6. c3 h5 7. g5 g6 8. h4 c5 9. Nf3 Nc6 10. Be3 Nge7 11. dxc5 Nf5 12. Bd4 Bg7 13. b4 Qc7 14. Qe2 a6 15. a3 O-O 16. Nbd2 Nce7 17. Bh3 Bb5 18. Qd1 Bd3 19. Rc1 Nc6 20. Bxf5 Bxf5 21. Qe2 Bg4 22. Qe3 Ne7 23. Nh2 Bf5 24. f4 Kh7 25. Rg1 Rac8 26. Qe2 Nc6 27. Bf2 Rcd8 28. Ndf3 Be4 29. Nd4 Ne7 30. Nhf3 Qd7 31. Nd2 Bf5 32. Qd1 Kg8 33. Qb3 Rc8 34. a4 Bg4 35. Nf1 Rfd8 36. Ne3 Bh3 37. Rg3 Bf5 38. Nexf5 exf5 39. Rd1 Re8 40. Rgd3 Rcd8 41. Kf1 Nc6 42. Nf3 Qe6 43. Rxd5 Rxd5 44. Qxd5 Qe7 45. b5 Rd8 46. Qb3 Na5 47. Qc2 Nc4 48. Qb3 Rxd1+ 49. Qxd1 axb5 50. axb5 Qe8 51. b6 Qb5 52. Qd4 Ne3+ 53. Kg1 Qf1+ 54. Kh2 Qxf2+ 55. Kh1 Qg2# 0-1

[Event "German-ch Blitz Women 2022"]
[Site "Magdeburg"]
[Date "2022.08.13"]
[Round "10.12"]
[White "Falke, Ornella"]
[Black "Kosovska, Olena"]
[Result "1-0"]
[ECO "B30"]
[WhiteElo "1912"]
[BlackElo "1831"]
[Annotator "TA"]
[PlyCount "84"]
[EventDate "2022.08.10"]
[EventType "tourn"]
[EventCountry "GER"]
[SourceTitle "playchess.com"]
[Source "ChessBase"]
[SourceQuality "1"]
[TimeControl "180+2"]

1. e4 c5 2. Nf3 Nc6 3. Bb5 d6 4. O-O Bd7 5. Re1 e5 6. c3 Nf6 7. Na3 {[%emt 0:00:02] B51: Sicilian: Moscow Variation (3 Bb5+) without 3...Bd7.} (7. d4 {looks sharper.} a6 8. Bxc6 Bxc6 9. dxe5 Nxe4 10. Bf4) 7... Be7 8. Nc2 a6 9. Bf1 {[%emt 0:00:02] The position is equal.} O-O {[%emt 0:00:04] [#]} 10. h3 $146 ({Predecessor:} 10. d4 Qc7 11. d5 Na5 12. b3 b5 13. h3 Ne8 14. g4 g6 15. Bh6 Ng7 16. Ne3 {0-1 (59) Hirsch,S (2193)-Van Dooren,D (2331) Germany 2016}) 10... b5 11. a4 Qc7 ({Black should try} 11... Na5 $11) 12. d4 (12. axb5 $14 axb5 13. Rxa8 Rxa8 14. Bxb5) 12... cxd4 13. cxd4 (13. axb5 $142 axb5 14. Rxa8 Rxa8 15. cxd4) 13... Rfc8 (13... bxa4 $1 $11 14. Bd2 Nxd4 15. Ncxd4 (15. Nfxd4 exd4 16. Nxd4 d5 $11) 15... exd4) 14. axb5 $14 axb5 15. Rxa8 Rxa8 16. Bxb5 Qb6 17. Bxc6 (17. dxe5 $16 dxe5 18. Bc4) 17... Bxc6 18. dxe5 (18. Qd3 {feels hotter.} Rc8 19. Bd2 Qb7 20. d5) 18... dxe5 19. Nxe5 Bxe4 20. Rxe4 $2 Nxe4 $19 21. Be3 Qxb2 ({Better is} 21... Qe6 $19 22. Bd4 Rd8) 22. Qd5 $11 Ra1+ {[%emt 0:01:16][%mdl 8192] [#]} (22... Rc8 $2 23. Qxf7+ Kh8 24. Qe6 $18) (22... Qxc2 $11 23. Qxa8+ Bf8) 23. Nxa1 $2 {[%emt 0:00:02] The board is on fire.} ({White has to play} 23. Kh2 $1 $18 Qa2 24. Qd7) 23... Qxa1+ 24. Kh2 Nd6 (24... Qxe5+ $1 $11 25. Qxe5 Bd6 26. Qxd6 Nxd6) 25. Bd4 $2 (25. Bc5 $18 Qa4 26. Nc6 (26. Bxd6 Qf4+ 27. g3 Qxf2+ 28. Kh1 Qf1+ 29. Kh2 Qf2+ 30. Kh1 Qf1+ 31. Kh2 Qf2+ $11) 26... Qf4+ 27. g3) 25... Qa4 26. Nc6 Bf8 27. Bc5 Qb5 28. Nd4 Qd7 29. g3 h6 30. Kg2 Qb7 31. Nc6 Qd7 32. Ne5 Qb7 33. Nc6 Qd7 34. Kh2 Qe6 35. Qf3 Nf5 36. Nd4 Nxd4 37. Bxd4 {[%emt 0:00:01][%mdl 4096] Endgame KQB-KQB} Kh7 38. Qd3+ Kg8 39. Kg2 $2 {[%emt 0:00:02][%mdl 8192] [#]} (39. Be3 $11 {and White stays safe.}) 39... Qd5+ $1 $19 40. Kh2 Bc5 41. Qb5 (41. Qb1 $19 Qxd4 42. Qb8+ Kh7 43. Qb1+ g6 44. Qh1 Qxf2+ 45. Qg2) 41... Qxd4 42. Qb8+ Kh7 {[%mdl 32768] Weighted Error Value: White=0.82/Black=0.44. Sensor Board Error (Ke4/e5)?} 1-0

[Event "German-ch Blitz Women 2022"]
[Site "Magdeburg"]
[Date "2022.08.13"]
[Round "11.1"]
[White "Kosovska, Olena"]
[Black "Paehtz, Elisabeth"]
[Result "0-1"]
[ECO "A10"]
[WhiteElo "1831"]
[BlackElo "2484"]
[Annotator "TA"]
[PlyCount "52"]
[EventDate "2022.08.10"]
[EventType "tourn"]
[EventCountry "GER"]
[SourceTitle "playchess.com"]
[Source "ChessBase"]
[SourceQuality "1"]
[TimeControl "180+2"]

1. c4 b6 2. Nc3 Bb7 3. d4 e6 4. e3 Bb4 5. Nf3 f5 6. Be2 Nf6 7. O-O Bxc3 8. bxc3 O-O {[%emt 0:00:02] A85: Dutch Defence: 2 c4 Nf6 3 Nc3.} 9. Ba3 d6 10. Rb1 ({White should try} 10. c5 $14) 10... Ne4 $15 {[%emt 0:00:02] Black is slightly better.} 11. Qc2 Nd7 {[%emt 0:00:04] Prevents c5.} 12. Nd2 Qg5 {[%emt 0:00:10] [#] And now ...Nxd2 would win.} 13. Bf3 $146 (13. f4 $142 Qg6 14. Nf3) ({Predecessor:} 13. Nf3 Qh6 14. Ne1 Rf6 15. Bc1 Qg6 16. Bd3 Raf8 17. f3 Ng5 18. Qa4 Qh5 19. Qxd7 {1-0 (36) Bucher,S (1729)-Bosshard,R (1761) Rapperswil 2010}) 13... Nxd2 $17 {[%emt 0:00:14] Black is more active.} 14. Bxb7 Nxf1 15. Bxa8 (15. Rxf1 $17 Rad8 16. e4) 15... Nxe3 $1 $40 {[%emt 0:00:03][%mdl 128] White is in trouble.} ({Weaker is} 15... Rxa8 16. Rxf1 Qh5 17. h3 $11) 16. fxe3 {[%emt 0:00:12] [#] Strongly threatening Bc6.} Qxe3+ 17. Kh1 Rxa8 18. Rf1 Nf6 19. Bc1 Qe4 20. Qf2 Re8 21. h3 (21. Bg5 $142) 21... Qc6 22. Qe2 Ne4 {[%emt 0:00:03] Hoping for ...Ng3+.} 23. Qd3 {[%emt 0:00:03] Against Ng3+} Qa4 24. a3 Qb3 25. Rf3 Rf8 26. Re3 $2 (26. Kh2) 26... Nf2+ {[%emt 0:00:02] White did not feel at home in the position after the opening.  Weighted Error Value: White=0.74/Black=0.12 (very precise)} 0-1

[Event "German-ch Blitz Women 2022"]
[Site "Magdeburg"]
[Date "2022.08.13"]
[Round "11.2"]
[White "Leveikina, Jevgenija"]
[Black "Falke, Ornella"]
[Result "1-0"]
[ECO "A46"]
[WhiteElo "2061"]
[BlackElo "1912"]
[Annotator "NA RC"]
[PlyCount "99"]
[EventDate "2022.08.10"]
[EventType "tourn"]
[EventCountry "GER"]
[SourceTitle "playchess.com"]
[Source "ChessBase"]
[SourceQuality "1"]
[TimeControl "180+2"]

1. d4 Nf6 2. Nf3 e6 3. g3 c5 4. c3 Nc6 5. Bg2 d5 6. O-O Be7 7. Bf4 O-O 8. Nbd2 Bd7 9. Ne5 Rc8 10. Ndf3 Be8 11. Rc1 Nd7 12. Nxc6 Rxc6 13. Qd2 Qa5 14. dxc5 Qxa2 15. Ra1 Qc4 16. Bd6 Bxd6 17. cxd6 Rxd6 18. Rxa7 Nc5 19. Ne5 Qb5 20. b4 Nd7 21. Ra5 Qb6 22. Nd3 Nf6 23. Nc5 Bb5 24. Rfa1 Rfd8 25. e3 Ne4 26. Qd4 Bc6 27. Ra8 f6 28. Nxe6 Qxd4 29. cxd4 Rxa8 30. Rxa8+ Kf7 31. Nc5 Nc3 32. Ra7 Kg6 33. h4 b6 34. Nd3 Bb5 35. Nf4+ Kh6 36. Rc7 Ne2+ 37. Nxe2 Bxe2 38. Bf1 Bf3 39. Bg2 Bxg2 40. Kxg2 Kg6 41. b5 h5 42. Rc6 Rd7 43. Rxb6 Kf5 44. Kf3 g5 45. hxg5 fxg5 46. Rb8 Rh7 47. b6 h4 48. gxh4 gxh4 49. b7 h3 50. Rf8+ 1-0

[Event "German-ch Blitz Women 2022"]
[Site "Magdeburg"]
[Date "2022.08.13"]
[Round "11.3"]
[White "Heil, Marina"]
[Black "Stangl, Anita"]
[Result "0-1"]
[ECO "A13"]
[WhiteElo "1926"]
[BlackElo "2023"]
[Annotator "NA RC"]
[PlyCount "58"]
[EventDate "2022.08.10"]
[EventType "tourn"]
[EventCountry "GER"]
[SourceTitle "playchess.com"]
[Source "ChessBase"]
[SourceQuality "1"]
[TimeControl "180+2"]

1. c4 e6 2. e4 d5 3. cxd5 exd5 4. exd5 Nf6 5. Nc3 Nxd5 6. Bc4 Nb6 7. Bb3 Be7 8. Nf3 O-O 9. O-O Bg4 10. h3 Bh5 11. Ne4 Nc6 12. Ng3 Bg6 13. d4 Bf6 14. Be3 Nd5 15. Rc1 Re8 16. Qd2 Qd6 17. Rc5 Nxe3 18. fxe3 Qxg3 19. d5 Ne5 20. Nd4 b6 21. Rc3 Nd7 22. Rf3 Qe5 23. Nc6 Qd6 24. Rc1 Be4 25. Rf4 Nc5 26. Bc4 a6 27. Rd1 b5 28. Be2 Bg6 29. Bf3 Bg5 0-1

[Event "German-ch Blitz Women 2022"]
[Site "Magdeburg"]
[Date "2022.08.13"]
[Round "11.4"]
[White "Fock, Sana"]
[Black "Wulf, Constanze"]
[Result "0-1"]
[ECO "B01"]
[WhiteElo "1807"]
[BlackElo "1835"]
[Annotator "NA RC COMBH"]
[PlyCount "84"]
[EventDate "2022.08.10"]
[EventType "tourn"]
[EventCountry "GER"]
[SourceTitle "playchess.com"]
[Source "ChessBase"]
[SourceQuality "1"]
[TimeControl "180+2"]

1. e4 d5 2. exd5 Qxd5 3. Nc3 Qd6 4. d4 Nf6 5. Nf3 a6 6. Be2 b5 7. a3 Bb7 8. O-O e6 9. Bg5 Nbd7 10. Qd2 Be7 11. Bf4 Qb6 12. b4 O-O 13. a4 Bxb4 14. Rfb1 Ne4 15. Qd3 Bxc3 16. Ra3 Qc6 17. Ne5 Nxe5 18. Bxe5 b4 19. Rab3 a5 20. Bf3 f6 21. Bxe4 Qxe4 22. Qxe4 Bxe4 23. Bxc7 Bxd4 24. Rg3 Bxc2 25. Rc1 Bxa4 26. Bd6 Rac8 27. Re1 e5 28. Bxf8 Kxf8 29. h3 Kf7 30. Rd3 Bb5 31. Rdd1 Rc2 32. Kh1 Bxf2 33. Rd6 Ke7 34. Rb6 Bc4 35. Rb7+ Ke6 36. Rxg7 Bd4 37. Rxh7 Bd5 38. Rg7 e4 39. Rg6 e3 40. Rf1 e2 41. Re1 Rd2 42. Rg3 Rd1 0-1

[Event "German-ch Blitz Women 2022"]
[Site "Magdeburg"]
[Date "2022.08.13"]
[Round "11.5"]
[White "Schuster, Rebekka"]
[Black "Doll, Rebecca"]
[Result "0-1"]
[ECO "C54"]
[WhiteElo "1815"]
[BlackElo "1933"]
[Annotator "TA"]
[PlyCount "50"]
[EventDate "2022.08.10"]
[EventType "tourn"]
[EventCountry "GER"]
[SourceTitle "playchess.com"]
[Source "ChessBase"]
[SourceQuality "1"]
[TimeControl "180+2"]

1. e4 e5 2. Nf3 Nc6 3. Bc4 Bc5 4. c3 Nf6 5. d3 O-O 6. b4 Bb6 7. a4 a6 8. O-O d6 9. Bg5 h6 {[%emt 0:00:11] C54: Giuoco Piano: 4 c3 Nf6, main lines with 5 d4 and 5 d3.} 10. Bh4 Be6 (10... g5 $5 11. Bg3 Qe8 $11) 11. Nbd2 g5 {[%emt 0:00:35] White is slightly better.} 12. Bg3 Ne7 {[%emt 0:00:02] [#]} 13. Qb3 $146 ({Predecessor:} 13. h4 g4 14. Nh2 h5 15. Kh1 Ng6 16. f3 Kg7 17. Bxe6 fxe6 18. Nc4 Ba7 19. d4 exd4 20. cxd4 {½-½ (48) Nasuta,G (2512)-Moskalenko,A (2515) Chess.com INT 2021}) 13... Qd7 14. d4 exd4 15. cxd4 Bxc4 16. Qxc4 Ng6 17. Rfe1 Rfe8 18. Rad1 (18. a5 $14 Ba7 19. Rac1) 18... d5 (18... Qxa4 $15 19. e5 d5) 19. exd5 $11 {[%emt 0:00:12] White wants to play Rxe8+.} Nxd5 20. Ne5 Nxe5 21. dxe5 {[%emt 0:00:13] [#] Hoping for Ne4.} Qe6 ({Black should play} 21... Qc6 $1 $14) 22. Qe4 $2 {[%emt 0:00:35][%mdl 8192] This move loses the game for White.} (22. a5 $16 {and life is bright.} Ba7 23. h4) 22... Nc3 $19 23. Qc2 Nxd1 24. Qxd1 (24. Rxd1 {is the only way for White.} Rad8 25. a5) 24... Rad8 25. Qe2 Qa2 {[%emt 0:00:07][%csl LRa4,LRd2] Weighted Error Value: White=0.75/Black=0.19 (very precise)} 0-1

[Event "German-ch Blitz Women 2022"]
[Site "Magdeburg"]
[Date "2022.08.13"]
[Round "11.6"]
[White "Zschischang, Marine"]
[Black "Kunze, Kerstin"]
[Result "1-0"]
[ECO "A46"]
[WhiteElo "2083"]
[BlackElo "2020"]
[Annotator "NA RC"]
[PlyCount "283"]
[EventDate "2022.08.10"]
[EventType "tourn"]
[EventCountry "GER"]
[SourceTitle "playchess.com"]
[Source "ChessBase"]
[SourceQuality "1"]
[TimeControl "180+2"]

1. d4 Nf6 2. Nf3 e6 3. Bg5 Be7 4. e3 O-O 5. Bd3 h6 6. Bh4 d5 7. c4 c5 8. cxd5 Nxd5 9. Bxe7 Qxe7 10. O-O cxd4 11. exd4 Nc6 12. Nc3 Nf4 13. Be4 Qf6 14. Rc1 Rd8 15. Bxc6 bxc6 16. Ne4 Qf5 17. Ng3 Qd5 18. Qd2 g5 19. b3 Ba6 20. Rfd1 f5 21. Rc5 Qxc5 22. dxc5 Rxd2 23. Rxd2 Nd3 24. Nd4 Kf7 25. Nxc6 Rc8 26. Nxa7 Rxc5 27. h3 Rc7 28. Ne2 Rxa7 29. Nc3 Rc7 30. Na4 Kf6 31. f3 f4 32. Kh2 h5 33. Nb2 Nxb2 34. Rxb2 Rd7 35. a4 Rb7 36. b4 Bc4 37. b5 Rb6 38. Rb4 Bd3 39. Rd4 Bc2 40. Rc4 Bb3 41. Rb4 Bd5 42. a5 Rb8 43. a6 Rb6 44. a7 Ba8 45. Kg1 Ke5 46. Kf2 Kd5 47. g4 fxg3+ 48. Kxg3 Kc5 49. Re4 Kxb5 50. Re5+ Ka6 51. Rxg5 Rb5 52. Rg6 Kxa7 53. Rxe6 Rf5 54. f4 Kb7 55. Rh6 Kc7 56. Kh4 Bf3 57. Kg3 Bd1 58. Re6 Kd7 59. Re1 Bb3 60. Re3 Be6 61. Re1 Ke7 62. Ra1 Kf6 63. Ra8 Rc5 64. Rf8+ Kg7 65. Re8 Kf7 66. Rh8 Kg7 67. Re8 Rc3+ 68. Kh4 Kf6 69. Rf8+ Bf7 70. Ra8 Rc4 71. Kg3 Rc3+ 72. Kh4 Kg7 73. Ra5 Rc4 74. Kg3 Kf6 75. Ra6+ Be6 76. Ra5 Bf7 77. Ra6+ Kf5 78. Ra5+ Ke4 79. Re5+ Kd4 80. Re7 Bd5 81. f5 Be4 82. f6 Rc6 83. f7 Rf6 84. Kh4 Bd5 85. Kxh5 Bxf7+ 86. Kg5 Rf2 87. h4 Kd5 88. h5 Be6 89. h6 Rg2+ 90. Kf6 Rf2+ 91. Kg7 Rg2+ 92. Kh8 Kd6 93. Ra7 Rg8+ 94. Kh7 Rg5 95. Rg7 Bf5+ 96. Kh8 Rh5 97. h7 Be6 98. Rg1 Ke7 99. Rg7+ Kf6 100. Rg1 Rc5 101. Rf1+ Ke7 102. Rg1 Rc8+ 103. Kg7 Rf8 104. h8=Q Rxh8 105. Kxh8 Kf6 106. Kh7 Kf5 107. Kh6 Kf6 108. Rf1+ Ke5 109. Kg5 Kd6 110. Kf6 Bd5 111. Rd1 Kc5 112. Ke5 Bb3 113. Rc1+ Kb6 114. Kd6 Kb5 115. Ke5 Bf7 116. Kd4 Bg8 117. Rc8 Be6 118. Rb8+ Kc6 119. Rb2 Bf7 120. Rf2 Bg8 121. Rf5 Be6 122. Rg5 Bf7 123. Rf5 Be6 124. Rf6 Kd7 125. Ke5 Bg8 126. Rg6 Bb3 127. Rb6 Bg8 128. Rb8 Bc4 129. Rb4 Bg8 130. Ra4 Bb3 131. Ra7+ Kc6 132. Ra1 Bg8 133. Rc1+ Kd7 134. Rf1 Bb3 135. Rg1 Ba2 136. Rg5 Bb3 137. Ke4 Bg8 138. Ke5 Ba2 139. Kd4 Bf7 140. Kc5 Bd5 141. Rg6 Bf7 142. Rg7 1-0

[Event "German-ch Blitz Women 2022"]
[Site "Magdeburg"]
[Date "2022.08.13"]
[Round "11.7"]
[White "Stärk, Elisa"]
[Black "Rath, Alina"]
[Result "1/2-1/2"]
[ECO "D34"]
[WhiteElo "1950"]
[BlackElo "2062"]
[Annotator "NA RC"]
[PlyCount "33"]
[EventDate "2022.08.10"]
[EventType "tourn"]
[EventCountry "GER"]
[SourceTitle "playchess.com"]
[Source "ChessBase"]
[SourceQuality "1"]
[TimeControl "180+2"]

1. d4 d5 2. c4 e6 3. Nc3 c5 4. cxd5 exd5 5. Nf3 Nc6 6. g3 Nf6 7. Bg2 Be7 8. O-O O-O 9. dxc5 Bxc5 10. Na4 Be7 11. Be3 b6 12. Rc1 Bb7 13. Nd4 Rc8 14. Nxc6 Bxc6 15. Nc3 Qd7 16. Qd2 Rfd8 17. Rfd1 1/2-1/2

[Event "German-ch Blitz Women 2022"]
[Site "Magdeburg"]
[Date "2022.08.13"]
[Round "11.8"]
[White "Melamed, Tatjana"]
[Black "Skibbe, Diana"]
[Result "1-0"]
[ECO "C81"]
[WhiteElo "2380"]
[BlackElo "1943"]
[Annotator "TA"]
[PlyCount "67"]
[EventDate "2022.08.10"]
[EventType "tourn"]
[EventCountry "GER"]
[SourceTitle "playchess.com"]
[Source "ChessBase"]
[SourceQuality "1"]
[TimeControl "180+2"]

1. e4 e5 2. Nf3 Nc6 3. Bb5 a6 4. Ba4 Nf6 5. O-O Nxe4 6. d4 b5 7. Bb3 d5 8. dxe5 Be6 9. Qe2 Be7 10. Rd1 O-O 11. c4 bxc4 12. Bxc4 Na5 {[%emt 0:00:18] C81: Open Ruy Lopez: Keres Variation (9 Qe2).} 13. Bd3 Nc5 {[%emt 0:00:06] [#]} 14. Bc2 {[%emt 0:00:01] [#] Strongly threatening b4. White is more active.} f5 $146 (14... Nd7 $16) ({Predecessor:} 14... Nc6 15. Nc3 Nb4 16. Bb1 a5 17. Nd4 Qe8 18. f4 f5 19. a3 Nc6 20. Nxe6 Nxe6 21. Nxd5 {1-0 (28) Jarmula,L (2499)-Toure,V (2027) Teplice 2018}) 15. b4 $18 Ne4 16. bxa5 Bc5 17. Be3 Qe7 18. Bxe4 fxe4 19. Nd4 Bd7 20. Nc3 c6 21. Nb3 Bxe3 22. Qxe3 Qxe5 23. Qd4 Qg5 (23... Qh5 {was necessary.} 24. Nxe4 Rf4) 24. Nxe4 {[%emt 0:00:09] White is clearly winning.} dxe4 25. Qxd7 e3 26. Qe6+ Kh8 27. Qxe3 Qf6 28. Rac1 Rae8 29. Qd4 Qe6 30. h3 Qe2 31. Rd2 Qb5 32. Qc5 Qb7 33. Nd4 Qd7 34. Nf3 {[%emt 0:00:05] White took control after the opening.  Weighted Error Value: White=0.33/Black=0.80} 1-0